 Dungeon Crawl Stone Soup version 0.31-a0-692-gf03d1854d5 (webtiles) character file.

Game seed: 7101734194010025429

65 qw the Shooter (level 4, -1/28 HPs)
             Began as a Gargoyle Hunter on Sept 6, 2023.
             Slain by Natasha (2 damage)
             ... on level 2 of the Dungeon.
             The game lasted 00:00:24 (1013 turns).

qw the Shooter (Gargoyle Hunter)                    Turns: 1013, Time: 00:00:25

Health: -1/28      AC:  6    Str: 15    XL:     4   Next: 14%
Magic:  4/4        EV: 11    Int:  9    God:
Gold:   61         SH:  0    Dex: 15    Spells: 3/3 levels left

rFire   . . .        Y - +0 shortbow
rCold   . . .        (shield currently unavailable)
rNeg    + . .        c - +0 leather armour
rPois   inf          (no helmet)
rElec   +            (no cloak)
rCorr   .            (no gloves)
SInv    .            (no boots)
Will    .....        (no amulet)
Stlth   ++           (no ring)
HPRegen 0.24/turn    (no ring)
MPRegen 0.09/turn

%: no passive effects
@: slowed, very slow
A: sickness immunity, AC +3, negative energy resistance 1, electricity
resistance, torment resistance 1, petrification resistance
a: no special abilities


You were on level 2 of the Dungeon.
You visited 1 branch of the dungeon, and saw 2 of its levels.

You collected 61 gold pieces.


Innate Abilities, Weirdness & Mutations

You are immune to sickness and miasma.
Your stone body is resilient. (AC +3)
You are immune to poison.
You resist negative energy. (rN+)
You are resistant to electric shocks. (rElec)
You are resistant to unholy torment.
You are immune to petrification.


   Skills:
 - Level 3.4 Fighting
 + Level 5.0 Ranged Weapons
 - Level 1.5 Dodging
 - Level 1.1 Stealth


You had 3 spell levels left.
You didn't know any spells.
Your spell library was empty.

Inventory:

Hand Weapons
 Y - a +0 shortbow (weapon)
Armour
 c - a +0 leather armour (worn)
Scrolls
 a - a scroll of immolation {unknown}
Potions
 d - a potion of magic {unknown}
 e - a potion of curing {unknown}
 f - a potion of heal wounds {unknown}

Dungeon Overview and Level Annotations

Branches:
Dungeon (2/15)

Altars:

Annotations:
D:2 Natasha


Message History

You shoot an arrow. The arrow hits Natasha!
Natasha is heavily wounded.
Natasha mumbles some strange words.
You shoot an arrow. The arrow closely misses Natasha.
Natasha mumbles some strange words.
You shoot an arrow. The arrow hits Natasha.
Natasha is severely wounded.
Natasha stares at you and mumbles some strange words.
You resist with some effort.
The cerulean imp hits you from afar with a +1 spear.
1008 |||
Found retreat position at -2,3 (floor) with 0 blocking monsters and 2 monsters attacking at destination at distance 3
1008 ||| Stepping ~*~*~tactically~*~*~ (retreating).
Natasha attacks as she pursues you! Natasha barely misses you.
The cerulean imp attacks as it pursues you!
The cerulean imp barely misses you. Natasha claws you.
The cerulean imp barely misses you.
1009 |||
Found retreat position at -1,2 (floor) with 0 blocking monsters and 2 monsters attacking at destination at distance 2
1009 ||| Stepping ~*~*~tactically~*~*~ (retreating).
Natasha attacks as she pursues you! Natasha claws you.
The cerulean imp hits you but does no damage.
Natasha claws you.
1010 |||
Found retreat position at 0,2 (floor) with 0 blocking monsters and 2 monsters attacking at destination at distance 2
1010 ||| Stepping ~*~*~tactically~*~*~ (retreating).
1011 |||
Found retreat position at 0,1 (floor) with 0 blocking monsters and 2 monsters attacking at destination at distance 1
1011 ||| Stepping ~*~*~tactically~*~*~ (retreating).
Natasha mumbles some strange words.
You shoot an arrow.
The arrow hits Natasha but does no damage.
Natasha is severely wounded.
Natasha claws you but does no damage. The cerulean imp closely misses you.
Natasha stares at you and mumbles some strange words.
The magic dart hits you!
The cerulean imp hits you from afar with a +1 spear.
You shoot an arrow. The arrow closely misses Natasha.
The arrow misses the cerulean imp.
The arrow barely misses the cerulean imp.
Natasha closely misses you. The cerulean imp barely misses you.
Natasha claws you.
You die...
Natasha curls up and begins to purr.

#.## #.#
##..###.#
#######..
#.....#.#
#.$....h.
#.###.#.###..#
#. #.......##
#. #.#55..##
#. ...#5###.#
###.###h# #.#
#. #@# )..
#........# ###
#.###....#
#.##.# #.# .#
#.. # ..# ##.


You could see Natasha and 3 cerulean imps.

Vanquished Creatures
  Natasha (D:2)
  3 dart slugs (D:1)
  An endoplasm (D:1)
  2 giant cockroaches (D:1)
  3 goblins (D:1)
  5 hobgoblins (D:1)
  2 jackals (D:1)
  4 kobolds (D:1)
  A quokka (D:1)
  2 ball pythons (D:1)
  4 bats
  3 frilled lizards (D:1)
  3 rats (D:1)
34 creatures vanquished.

Notes
Turn   | Place    | Note
-------+----------+-------------------------------------------
     0 | D:1      | qw the Gargoyle Hunter began the quest for the Orb.
     0 | D:1      | Reached XP level 1. HP: 12/12 MP: 1/1
     0 | D:1      | 0 ||| qw: Version: 0.3-a-76-g4403597
     0 | D:1      | 0 ||| qw: Game counter: 302
     0 | D:1      | 0 ||| qw: Melee chars always use a shield: true
     0 | D:1      | 0 ||| qw: God list: Okawaru
     0 | D:1      | 0 ||| qw: Allow faded altars: false
     0 | D:1      | 0 ||| qw: Do Orc after clearing Dungeon:15 true
     0 | D:1      | 0 ||| qw: Do second Lair branch before Depths: true
     0 | D:1      | 0 ||| qw: Lair rune preference: random
     0 | D:1      | 0 ||| qw: Goals: Normal
     0 | D:1      | 0 ||| PLANNING D:1-11
    88 | D:1      | Reached XP level 2. HP: 17/17 MP: 2/2
   363 | D:1      | Reached XP level 3. HP: 21/21 MP: 3/3
   374 | D:1      | Reached skill level 5 in Ranged Weapons
   835 | D:1      | 835 ||| READING scroll labelled YSIZUF VACZE.
   836 | D:1      | 836 ||| DROPPING scroll of butterflies.
   849 | D:2      | Noticed Natasha
   858 | D:2      | Killed Natasha
   859 | D:2      | Reached skill level 3 in Fighting
   859 | D:2      | Reached XP level 4. HP: 28/28 MP: 4/4
   862 | D:2      | 862 ||| FLEEEEING.
   863 | D:2      | 863 ||| FLEEEEING.
   865 | D:2      | 865 ||| STAIRDANCE
  1000 | D:2      | Noticed Natasha
  1001 | D:2      | 1001 ||| FLEEEEING.
  1008 | D:2      | 1008 ||| Stepping ~*~*~tactically~*~*~ (retreating).
  1009 | D:2      | 1009 ||| Stepping ~*~*~tactically~*~*~ (retreating).
  1010 | D:2      | 1010 ||| Stepping ~*~*~tactically~*~*~ (retreating).
  1011 | D:2      | 1011 ||| Stepping ~*~*~tactically~*~*~ (retreating).
  1012 | D:2      | HP: 3/28 [Natasha/magic dart (8)]
  1012 | D:2      | HP: 1/28 [cerulean imp/+1 spear[Natasha] (2)]
  1013 | D:2      | Slain by Natasha

Levels and vault maps discovered:
D:1:      spicycebolla_arrival_clurvy, layout_basic, minmay_split_cup_large
D:2:      layout_loops_ring, hellmonk_ecumenical_altar_leap_of_faith,
          small_statue_intersection, uniq_natasha, uniq_jessica

Skill      XL: |  1  2  3 |
---------------+----------+-----
Ranged Weapons | 5 |  5.0
Fighting       | 3 |  3.4
Dodging        | |  1.5
Stealth        | |  1.1

Action                     |  1- 3 |  4- 6 || total
---------------------------+-------+-------++-------
   Fire: Shortbow          |    88 |     7 ||    95
    Use: Scroll            |     1 |       ||     1
 Armour: Leather armour    |     7 |    10 ||    17
  Dodge: Dodged            |     9 |     6 ||    15

Table legend:
 A = Non-vault XP
 B = Vault XP
 C = Vault XP percentage of total XP
 D = Non-vault monster count
 E = Vault monster count
 F = Vault count percentage of total count
                 A         B        C        D         E       F
            +---------+---------+-------+---------+---------+-------
      Total |      52 |      42 |  44.7 |      29 |       5 |  14.7
            +---------+---------+-------+---------+---------+-------
        D:1 |      51 |       7 |  12.1 |      28 |       4 |  12.5
        D:2 |       1 |      35 |  97.2 |       1 |       1 |  50.0
            +---------+---------+-------+---------+---------+-------
